 Dungeon Crawl Stone Soup version 0.27-a0-1191-g601b473118 (webtiles) character file.

Game seed: 2704408920746049000

234 Zeld the Chopper (level 5, -5/67 HPs)
             Began as a Minotaur Berserker on May 24, 2021.
             Was a Believer of Trog.
             Slain by Blork the orc
             ... wielding a +2 mace of protection
              (6 damage)
             ... on level 4 of the Dungeon.
             The game lasted 00:04:21 (5276 turns).

Zeld the Chopper (Minotaur Berserker)               Turns: 5276, Time: 00:04:22

Health: -5/67      AC:  0    Str: 23    XL:     5   Next: 75%
Magic:  4/4        EV: 12    Int:  4    God:    Trog [**....]
Gold:   309        SH:  0    Dex:  9    Spells: 4/4 levels left

rFire    . . .     SeeInvis .   a - +1 broad axe (freeze)
rCold    . . .     Faith    .   (no shield)
rNeg     . . .     Spirit   .   (no armour)
rPois    .         Reflect  .   (helmet restricted)
rElec    .         Harm     .   (no cloak)
rCorr    .         Rampage  .   (no gloves)
Will     .....                  (no boots)
Stlth    ..........             (no amulet)
HPRegen  0.21/turn              (no ring)
MPRegen  0.09/turn              (no ring)

@: berserking, very quick
A: horns 2, retaliatory headbutt
a: Renounce Religion, Berserk, Trog's Hand


You were on level 4 of the Dungeon.
You worshipped Trog.
Trog was pleased with you.
You visited 1 branch of the dungeon, and saw 4 of its levels.

You collected 309 gold pieces.

Inventory:

Hand Weapons
 a - a +1 broad axe of freezing (weapon)
Wands
 m - a wand of iceblast (10)
Scrolls
 b - 3 scrolls of identify {unknown}
 d - a scroll of vulnerability {unknown}
 e - a scroll of noise {unknown}
 h - 2 scrolls of teleportation {unknown}
 i - a scroll of immolation {unknown}
 j - a scroll of magic mapping {unknown}
 l - a scroll of enchant weapon {unknown}
 n - a scroll of torment {unknown}
Potions
 c - 2 potions of curing {unknown}
 f - a potion of brilliance {unknown}
 g - a potion of magic {unknown}
 k - a potion of heal wounds {unknown}


   Skills:
 - Level 3.6 Fighting
 * Level 7.9 Axes
 - Level 2.4 Armour
 - Level 2.1 Dodging


You had 4 spell levels left.
You didn't know any spells.
Your spell library was empty.

Dungeon Overview and Level Annotations

Branches:
Dungeon (4/15)
 Temple: D:4-7

Altars:
Uskayaw

Shops:
D:2 (   D:3 (   D:4 [

Annotations:
D:4 Blork the orc


Innate Abilities, Weirdness & Mutations

You have a pair of horns on your head.
You reflexively headbutt those who attack you in melee.


Message History

Trog accepts your kill.
No target in view!
No target in view!
You see here a +0 club.
You see here a +0 hunting sling.
Blork the orc comes into view.
He is wielding a +2 mace of protection.
Blork the orc shouts!
An endoplasm comes into view.
There are monsters nearby!
Blork the orc miscasts a cantrip.
Blork the orc casts a spell at you. The magic dart hits you!
You barely miss Blork the orc.
Blork the orc points at you and mumbles some strange words.
The puff of flame hits you!
You hit Blork the orc. You freeze Blork the orc.
Your headbutt misses Blork the orc.
Blork the orc is moderately wounded.
Blork the orc gestures at you while chanting.
The puff of frost hits you!
* * * LOW HITPOINT WARNING * * *
You are too injured to fight recklessly!
You are too injured to fight recklessly!
A red film seems to cover your vision as you go berserk!
You feel yourself moving faster!
You feel mighty! The endoplasm closely misses you.
Blork the orc hits you with a +2 mace of protection!
* * * LOW HITPOINT WARNING * * *
You hit the endoplasm. You freeze the endoplasm.
The endoplasm is almost dead.
You hit Blork the orc but do no damage. The endoplasm barely misses you.
Blork the orc hits you with a +2 mace of protection.
* * * LOW HITPOINT WARNING * * *
You slash Blork the orc! You freeze Blork the orc.
Blork the orc is almost dead.
You slash the endoplasm! You freeze the endoplasm.
You kill the endoplasm!
Trog accepts your kill.
Blork the orc hits you with a +2 mace of protection.
You die...

#......## #......(.
######.). #... #... ##
#... #. #... #o### ###.
#.@.# ######.
##.###.#########...##.
....J...............)..
###..##?####.####.#....
## #.# #.# #.##### #.#
#.# #...# ..# #.#
###.### ### #.# #.#..
... #.#..


You could see Blork the orc.

Vanquished Creatures
  A scorpion (D:2)
  Jessica (D:2)
  3 adders
  4 gnolls
  An ufetubus (D:4)
  An adder skeleton (D:4)
  2 dart slugs (D:3)
  4 orcs (D:3)
  7 ball pythons
  5 endoplasms
  7 giant cockroaches
  6 hobgoblins
  4 jackals
  8 kobolds
  3 quokkas
  A bat (D:2)
  A frilled lizard (D:1)
  4 goblins
  6 rats
69 creatures vanquished.

Notes
Turn   | Place    | Note
-------+----------+-------------------------------------------
     0 | D:1      | Zeld the Minotaur Berserker began the quest for the Orb.
     0 | D:1      | Reached XP level 1. HP: 19/19 MP: 0/0
   227 | D:1      | Reached skill level 4 in Axes
   491 | D:1      | Found a faded altar of an unknown god.
   671 | D:1      | Reached XP level 2. HP: 11/26 MP: 1/1
  1023 | D:1      | HP: 1/39 [ball python (1)]
  1792 | D:2      | Noticed Jessica
  1797 | D:2      | Killed Jessica
  1798 | D:2      | Reached skill level 5 in Axes
  1798 | D:2      | Reached XP level 3. HP: 19/31 MP: 2/2
  1956 | D:2      | Found Kos Ecep's Antique Weapon Emporium.
  2261 | D:2      | Noticed a scorpion
  2270 | D:2      | Killed a scorpion
  2271 | D:2      | Reached skill level 6 in Axes
  2271 | D:2      | Reached XP level 4. HP: 39/39 MP: 3/3
  2589 | D:2      | Reached ** piety under Trog
  3478 | D:3      | Found Usyh's Antique Weapon Emporium.
  3491 | D:3      | Reached XP level 5. HP: 45/45 MP: 4/4
  3519 | D:3      | Reached skill level 7 in Axes
  5029 | D:4      | Found Maapron's Antique Armour Shop.
  5129 | D:4      | Found a hide-covered altar of Uskayaw.
  5132 | D:4      | Noticed a +0 dagger
  5132 | D:4      | Noticed a +0 dagger
  5269 | D:4      | Noticed Blork the orc
  5275 | D:4      | HP: 1/67 [Blork the orc/+2 mace of protection (3)]
  5276 | D:4      | Slain by Blork the orc

Illustrated notes

Levels and vault maps discovered:
D:1:      elethiomel_arrival_maze, layout_loops_ring,
          shapermc_ecumenical_altar_venn, minmay_misc_feat_pillars,
          chequers_serial_rivers_small_3
D:2:      layout_loops_corners, serial_shops, shop, grunt_decor_cap,
          uniq_jessica
D:3:      layout_loops_ring, serial_shops, shop
D:4:      layout_basic, dancing_weapons_uskayaw, serial_shops, shop_coins,
          uniq_blork_the_orc

Skill      XL: |  1  2  3  4  5 |
---------------+----------------+-----
Axes           | 4 5 6 7 |  7.9
Fighting       | |  3.6
Armour         | |  2.4
Dodging        | |  2.1

Action                   |  1- 3 |  4- 6 || total
-------------------------+-------+-------++-------
Melee: Hand axe          |    64 |    48 ||   112
       Headbutt          |     7 |     9 ||    16
       Broad axe         |       |    19 ||    19
Invok: Berserk           |     2 |     3 ||     5
 Stab: Sleeping          |     1 |     1 ||     2
Dodge: Dodged            |    38 |    35 ||    73

Table legend: (Time is in decaauts)
 A = Elapsed time spent in this place.
 B = Non-inter-level travel time spent in this place.
 C = Inter-level travel time spent in this place.
 D = Time resting spent in this place.
 E = Time spent auto-exploring this place.
 F = Levels seen in this place.
 G = Mean time per level.
                   A        B        C        D        E       F      G
               +--------+--------+--------+--------+--------+-----+--------+
         Total |   5320 |   5104 |    216 |   1287 |   3424 |   4 | 1330.0 |
       Dungeon |   5320 |   5104 |    216 |   1287 |   3424 |   4 | 1330.0 |
               +--------+--------+--------+--------+--------+-----+--------+

Top non-repeatable levels by time:
     D:2: 2082 daAuts
     D:1: 1783 daAuts
     D:3: 1107 daAuts
     D:4: 347 daAuts
